 Dungeon Crawl Stone Soup version 0.18-a0-1577-gf591c28 (webtiles) character file.

154356 namelastname112 the Warrior (level 17, -4/159 HPs)
             Began as a Yellow Draconian Wanderer on Mar 18, 2016.
             Was an Initiate of Gozag.
             Killed from afar by a storm dragon (6 damage)
             ... with a bolt of lightning
             ... on level 3 of the Dungeon.
             The game lasted 00:59:10 (49341 turns).

namelastname112 the Warrior (DrWn)                 Turns: 49341, Time: 00:59:10

Health: -4/159     AC: 15    Str: 16    XL:     17   Next: 6%
Magic:  27/27      EV: 23    Int: 17    God:    Gozag
Gold:   1134       SH:  7    Dex: 17    Spells: 0 memorised, 18 levels left

rFire  . . .     SeeInvis +     s - +8 whip "Snakebite" {curare, rPois}
rCold  + . .     Gourm    .     (armour unavailable)
rNeg   . . .     Faith    .     G - +2 buckler "Lorgharul" {rPois}
rPois  +         Spirit   .     U - +0 mask of the Dragon {MR+ Slay+3 SInv}
rElec  +         Dismiss  .     X - +1 cloak {MR+}
rCorr  +         Reflect  .     F - +0 pair of gloves
SustAt .         Harm     .     a - +2 pair of boots {run}
MR     ++++.                    N - amulet of regeneration
Stlth  ++........               C - +5 ring of intelligence
                                Y - ring of protection from magic

@: quick, incredibly resistant to hostile enchantments, unstealthy
A: spit acid, acid resistance, unfitting armour, hooves 1, cold resistance 1,
deterioration 1, high mp 1, electricity resistance, acidic bite, cold-blooded,
AC +9
a: Spit Acid, Potion Petition, Call Merchant, Bribe Branch, Renounce Religion


You were on level 3 of the Dungeon.
You worshipped Gozag.
Gozag was noncommittal.
You were completely stuffed.

You visited 5 branches of the dungeon, and saw 27 of its levels.
You also visited: Sewer and Ice Cave.

You collected 10009 gold pieces.
You spent 2129 gold pieces at shops.
You paid 6746 gold pieces to Gozag.

Inventory:

Hand Weapons
 s - the +8 whip "Snakebite" (weapon) {curare, rPois}
   (You found it on level 8 of the Dungeon)

   It poisons the flesh of those it strikes.
   It protects you from poison.
Missiles
 J - 6 throwing nets (quivered)
Armour
 a - a +2 pair of boots of running (worn)
 F - a +0 pair of gloves (worn)
 G - the +2 buckler "Lorgharul" (worn) {rPois}
   (You bought it in a shop on level 1 of the Lair of Beasts)

   It protects you from poison.
 U - the +0 mask of the Dragon (worn) {MR+ Slay+3 SInv}
   (You bought it in a shop on level 1 of the Lair of Beasts)

   It affects your accuracy and damage with ranged weapons and melee attacks
   (+3).
   It affects your resistance to hostile enchantments.
   It lets you see invisible.
 X - a +1 cloak of magic resistance (worn)
Rods
 H - a +4 rod of clouds (11/11)
   (You found it on level 7 of the Lair of Beasts)
Jewellery
 o - a +2 ring of protection
 C - a +5 ring of intelligence (right hand)
 N - an amulet of regeneration (around neck)
 Y - a ring of protection from magic (left hand)
 Z - an uncursed ring of protection from magic
Wands
 b - a wand of disintegration (13/24)
 c - a wand of random effects (39/48)
 e - a wand of digging (11/24)
 O - a wand of confusion (8/48)
 T - a wand of confusion (36/48)
 W - a wand of digging (17/24)
Scrolls
 h - 17 scrolls of identify
 l - 12 scrolls of teleportation
 m - 6 scrolls of fog
 n - 7 scrolls of amnesia
 p - 2 scrolls of magic mapping
 u - 3 scrolls of enchant armour
 w - 2 scrolls of blinking
 x - 3 scrolls of fear
 y - 8 scrolls of remove curse
 I - 9 scrolls of recharging
 P - 2 scrolls of enchant weapon
Potions
 f - a potion of cure mutation
 i - 2 potions of invisibility
 j - 5 potions of haste
 r - 5 potions of agility
 t - 3 potions of berserk rage
 v - 2 potions of resistance
 z - 5 potions of brilliance
 A - 8 potions of flight
 B - a potion of might
 E - 2 potions of cancellation
 M - 14 potions of curing
 Q - a potion of heal wounds
 S - a potion of ambrosia
Books
 k - the Papyrus of Confrontation
   (You found it on level 1 of the Elven Halls)

   Spells                             Type                      Level
   a - Searing Ray                    Conjuration                  2
   b - Static Discharge               Conjuration/Air              3
   c - Bolt of Draining               Conjuration/Necromancy       5
   d - Bolt of Cold                   Conjuration/Ice              6
Miscellaneous
 D - a phial of floods
 L - a fan of gales
 R - a sack of spiders
 V - a lamp of fire
Comestibles
 d - 4 bread rations
 g - 23 fruits
 K - a beef jerky


   Skills:
 + Level 16.3 Fighting
   Level 9.9 Short Blades
 + Level 14.6 Maces & Flails
   Level 1.7 Bows
 + Level 13.9 Dodging
 + Level 4.1 Shields
 - Level 1.0 Spellcasting
   Level 2.0 Summonings
 * Level 10.5 Evocations


You had 18 spell levels left.
You didn't know any spells.

Dungeon Overview and Level Annotations

Branches:
Dungeon (15/15)            Temple (1/1) D:7            Lair (8/8) D:10
  Swamp (0/4) Lair:4        Snake (0/4) Lair:3        Slime (0/6) Lair:7
    Orc (2/2) D:12            Elf (1/3) Orc:2        Vaults (0/5) D:14
 Depths (0/5) D:15

Altars:
Ashenzari
Cheibriados
Fedhas
Gozag
Kikubaaqudgha
Makhleb
Nemelex Xobeh
Okawaru
Pakellas
Qazlal
Sif Muna
Yredelemnul
Zin
The Shining One
Beogh
Jiyva

Shops:
D:6 }   D:11 !:!   Orc:2 ::([   Lair:1 [[[[([(

Portals:
Trove: D:12 (give 5 potions of cure mutation)

Annotations:
D:15 1 runed door


Innate Abilities, Weirdness & Mutations

You can spit globs of acid.
You are resistant to acid.
Your golden yellow scales are hard (AC +9).
Your body does not fit into most forms of armour.
You have acidic saliva.
You are cold-blooded and may be slowed by cold attacks.
You have large cloven feet.
Your flesh is cold resistant.
Your body sometimes deteriorates upon taking damage.
You have an increased reservoir of magic (+10% MP).
You are resistant to electric shocks.


Message History

* * * LOW HITPOINT WARNING * * *
You block the storm dragon's attack. x2; The storm dragon tramples you.
* * * LOW HITPOINT WARNING * * *
You stumble backwards!
The storm dragon closely misses you.
The storm dragon claws you but does no damage.
The storm dragon tramples you.
* * * LOW HITPOINT WARNING * * *
You stumble backwards!
The storm dragon misses you. You block the storm dragon's attack.
The storm dragon tramples you but does no damage.
The storm dragon closely misses you. The storm dragon completely misses you.
You block the storm dragon's attack. The storm dragon bites you!
* * * LOW HITPOINT WARNING * * *
The storm dragon claws you but does no damage.
You block the storm dragon's attack.
The storm dragon breathes lightning at you.
The bolt of lightning hits you! You resist.
You die...
Your body crumbles into a pile of gold.

#.....# #.# #.# ###.# #8...8#
#####.##### #.# #.†.# ###'###
#.........# #.# #.#<# #..#
##.#$....#># #.###.#.#
#..######.#.#.(.##.# #.......#
#......(.###.#.###.#######.###
#########.#.#.....)........#
##....$.##)#########
#.##.@.##.# #....D.$..#
#####)##### ######### ##.##)#
#.......###.#.#.#
#.#####.##.###[)#############
#<#####$#.##................#
#..$..$.$....#..###########.#
#.##.##.#.#.#....## #.#


You could see a storm dragon.

Vanquished Creatures
  Agnes (D:15)
  A fire giant (D:15)
  The ghost of mrath the Blocker, a journeyman MiFi of Okawaru (D:15)
  2 orc warlords
  A stone giant (Orc:1)
  A deep elf annihilator (Elf:1)
  Azrael (Orc:2)
  5 vault guards (D:14)
  A fire dragon (Lair:8)
  Erolcha (D:11)
  5 hydras
  A catoblepas (D:15)
  Harold (D:10)
  2 death knights
  4 centaur warriors
  2 tengu warriors
  A queen ant (Lair:4)
  Urug (Lair:2)
  2 orc high priests (Orc:2)
  A wizard (D:14)
  2 deep elf archers (D:14)
  3 unseen horrors
  5 hill giants
  2 orc knights
  A lindwurm (Lair:8)
  A harpy (D:15)
  6 orc sorcerers
  A griffon (D:3)
  A hornet (D:3)
  13 ugly things
  18 deep elf magi
  A wolf spider (Lair:8)
  2 cyclopes
  5 elephants (Lair:4)
  4 centaur zombies
  Maurice (Orc:2)
  2 guardian serpents
  A torpor snail (Lair:7)
  13 black mambas
  Psyche (D:10)
  3 ice statues (IceCv)
  17 spiny frogs
  5 kobold demonologists
  7 rime drakes
  An efreet (D:15)
  10 komodo dragons
  A yaktaur (D:14)
  3 tengu conjurers
  9 trolls
  3 two-headed ogres
  18 slime creatures
  Sigmund (D:2)
  7 blink frogs
  A redback (Lair:8)
  2 spriggans
  A shadow (D:12)
  2 wraiths
  8 wyverns
  4 fire elementals
  A water elemental (Elf:1)
  A steam dragon (Lair:8)
  57 yaks
  6 basilisks
  A hungry ghost (D:14)
  10 hippogriffs
  10 vampire mosquitoes
  Menkaure (D:6)
  A mottled dragon (D:14)
  5 soldier ants (Lair:4)
  7 wargs
  26 water moccasins
  4 hell hounds (Orc:2)
  7 porcupines
  A hornet simulacrum (D:14)
  2 swamp drakes (Lair:8)
  5 eyes of draining
  2 necrophages
  13 ice beasts
  31 orc warriors
  A phantom (D:9)
  2 black bears
  11 wasps
  6 sky beasts
  10 ogres
  6 wolves (Lair:6)
  15 centaurs
  23 crocodiles
  7 big kobolds
  Blork the orc (D:5)
  11 giant frogs
  2 wyvern zombies
  9 scorpions
  2 water moccasin skeletons
  6 killer bees
  13 wights
  2 electric eels
  2 howler monkeys (D:11)
  3 jellies
  6 crimson imps
  2 giant frog zombies
  Crazy Yiuf (D:6)
  A gnoll shaman (D:6)
  3 giant frog skeletons
  28 orc priests
  6 centaur skeletons
  5 hounds
  28 orc wizards
  4 hell rats (D:10)
  14 iguanas
  22 worker ants
  11 sheep
  A hound zombie (D:9)
  A mummy (D:6)
  Robin (D:2)
  2 worker ant zombies
  15 gnolls
  A howler monkey skeleton (D:4)
  47 river rats
  28 adders
  A shadow imp (D:15)
  12 white imps (Lair:8)
  An adder zombie (D:6)
  2 adder skeletons
  4 worms
  2 dart slugs
  9 giant geckos
  120 orcs
  3 bats
  13 giant cockroaches
  9 hobgoblins
  25 jackals
  30 kobolds
  8 quokkas
  A ball python (D:3)
  A giant gecko skeleton (D:4)
  6 giant newts
  22 goblins
  A jackal zombie (D:5)
  A quokka zombie (D:8)
  4 rats
  3 fungi (Lair:8)
1049 creatures vanquished.

Vanquished Creatures (others)
  A dancing weapon (Elf:1)
  A hell hound (Orc:2)
  An orc warrior (Orc:2)
  5 fungi
  12 plants
20 creatures vanquished.

Grand Total: 1069 creatures vanquished

Notes
Turn   | Place    | Note
--------------------------------------------------------------
     0 | D:1      | namelastname112 the Draconian Wanderer began the quest for the Orb.
     0 | D:1      | namelastname112 set off with: a book of Callings, a +0 mace, a wand of random effects (15/48), a bread ration
     0 | D:1      | Reached XP level 1. HP: 19/19 MP: 2/2
   136 | D:1      | Reached skill level 1 in Maces & Flails
   216 | D:1      | Reached XP level 2. HP: 26/26 MP: 3/3
   901 | D:2      | Reached XP level 3. HP: 29/33 MP: 4/4
   902 | D:2      | Noticed Robin
   910 | D:2      | Reached skill level 1 in Dodging
   921 | D:2      | Killed Robin
   921 | D:2      | Reached skill level 4 in Fighting
  1057 | D:2      | Reached XP level 4. HP: 20/40 MP: 5/5
  1458 | D:2      | Noticed Sigmund
  1465 | D:2      | Killed Sigmund
  1465 | D:2      | Reached XP level 5. HP: 29/47 MP: 6/6
  1825 | D:2      | Found an ancient bone altar of Kikubaaqudgha.
  1882 | D:2      | Reached XP level 6. HP: 53/53 MP: 7/7
  2309 | D:3      | Found a glowing silver altar of Zin.
  2309 | D:3      | Noticed an angel
  2357 | D:3      | Gained mutation: You have large cloven feet. [potion of mutation]
  2357 | D:3      | Gained mutation: Your flesh is cold resistant. [potion of mutation]
  2357 | D:3      | Gained mutation: Your body sometimes deteriorates upon taking damage. [potion of mutation]
  2755 | D:3      | Reached skill level 5 in Fighting
  2810 | D:3      | Found an oddly glowing altar of Pakellas.
  3658 | D:4      | Your scales start taking on a golden yellow colour.
  3658 | D:4      | Reached XP level 7. HP: 42/61 MP: 8/8
  3866 | D:4      | Found a glowing drain.
  3870 | Sewer    | Entered a sewer
  4031 | D:4      | Gained mutation: You are covered in fur (AC +1). [potion of mutation]
  4031 | D:4      | Gained mutation: You tend to lose your temper in combat. [potion of mutation]
  4031 | D:4      | Gained mutation: You have an increased reservoir of magic (+10% MP). [potion of mutation]
  4032 | D:4      | Gained mutation: Your spells are a little harder to cast, but a little more powerful. [potion of mutation]
  4032 | D:4      | Gained mutation: You are resistant to electric shocks. [potion of mutation]
  4032 | D:4      | Gained mutation: Your tail ends in a poisonous barb. [potion of mutation]
  4279 | D:4      | Reached skill level 5 in Short Blades
  4716 | D:5      | Entered Level 5 of the Dungeon
  4810 | D:5      | Reached skill level 6 in Fighting
  4827 | D:5      | Reached XP level 8. HP: 70/70 MP: 10/10
  5083 | D:5      | Found a blossoming altar of Fedhas.
  5108 | D:5      | HP: 3/71 [centaur/arrow (7)]
  5121 | D:6      | Found Eklitt's Quality Used Wands.
  5323 | D:5      | Found a stormy altar of Qazlal.
  5331 | D:5      | Noticed Blork the orc
  5342 | D:5      | Killed Blork the orc
  5432 | D:5      | Found an iron altar of Okawaru.
  5551 | D:6      | Reached skill level 7 in Fighting
  5587 | D:6      | Reached skill level 5 in Dodging
  5656 | D:6      | Noticed Crazy Yiuf
  5677 | D:6      | Killed Crazy Yiuf
  6008 | D:6      | Reached XP level 9. HP: 64/79 MP: 11/11
  6041 | D:6      | Noticed Menkaure
  6060 | D:6      | Killed Menkaure
  6224 | D:6      | Found a basalt altar of Yredelemnul.
  6624 | D:6      | Found a snail-covered altar of Cheibriados.
  6835 | D:7      | Found a staircase to the Ecumenical Temple.
  7043 | Temple   | Entered the Ecumenical Temple
  7052 | Temple   | Became a worshipper of Gozag Ym Sagoz the Greedy
  7365 | D:7      | Reached skill level 8 in Fighting
  8317 | D:8      | Found a sparkling altar of Nemelex Xobeh.
  8548 | D:8      | Reached XP level 10. HP: 90/90 MP: 0/12
  8906 | D:8      | Found a burning altar of Makhleb.
  9292 | D:9      | You fall through a shaft for 3 floors!
  9345 | D:12     | Reached skill level 9 in Fighting
  9416 | D:12     | Noticed a deep elf mage
  9445 | D:11     | Found Baroohai's Distillery.
  9448 | D:11     | Bought a potion of heal wounds for 65 gold pieces
  9521 | D:11     | Found Heh Jaing's Distillery.
  9547 | D:11     | Noticed a hill giant
  9549 | D:11     | Bought a potion of cure mutation for 250 gold pieces
  9549 | D:11     | Lost mutation: You tend to lose your temper in combat. [potion of cure mutation]
  9549 | D:11     | Lost mutation: Your tail ends in a poisonous barb. [potion of cure mutation]
  9549 | D:11     | Lost mutation: Your spells are a little harder to cast, but a little more powerful. [potion of cure mutation]
  9549 | D:11     | Lost mutation: You are covered in fur (AC +1). [potion of cure mutation]
  9560 | D:11     | Killed a hill giant
  9560 | D:11     | Reached skill level 5 in Maces & Flails
  9653 | D:11     | Noticed Erolcha
  9665 | D:11     | Killed Erolcha
  9685 | D:10     | Entered Level 10 of the Dungeon
  9719 | D:10     | Noticed a hill giant
  9727 | D:10     | Killed a hill giant
  9784 | D:10     | Reached XP level 11. HP: 99/99 MP: 13/13
  9798 | D:10     | Noticed Harold
  9811 | D:10     | Killed Harold
  9811 | D:10     | Reached skill level 10 in Fighting
 10021 | D:10     | Found a staircase to the Lair.
 10138 | D:10     | Noticed Psyche
 10148 | D:10     | Killed Psyche
 10315 | D:10     | Killed an unseen horror
 11169 | D:11     | Found Mizaewag's Book Emporium.
 11330 | D:11     | Paralysed by a chaos spawn for 5 turns
 11794 | D:11     | Noticed a purple ugly thing
 11805 | D:11     | Killed a purple ugly thing
 12060 | D:12     | Killed a deep elf mage
 12185 | D:12     | Noticed a cyan ugly thing
 12195 | D:12     | Killed a cyan ugly thing
 12195 | D:12     | Reached skill level 11 in Fighting
 12396 | D:12     | Found a portal to a secret trove of treasure.
 12541 | D:11     | Reached XP level 12. HP: 60/110 MP: 10/14
 12743 | D:11     | Reached skill level 10 in Maces & Flails
 12807 | D:12     | Found a staircase to the Orcish Mines.
 14429 | D:13     | Noticed an eight-headed hydra
 14433 | D:13     | Killed an eight-headed hydra
 14433 | D:13     | Reached skill level 10 in Dodging
 14696 | D:13     | Reached skill level 12 in Fighting
 15114 | D:13     | Got an ichor-stained great sword {freeze}
 15117 | D:13     | Identified the +5 great sword "Maal" {freeze, rElec rPois} (You took it off an orc on level 13 of the Dungeon)
 15392 | D:14     | Noticed a vault guard
 15611 | Orc:1    | Entered Level 1 of the Orcish Mines
 15613 | Orc:1    | Noticed an orc warlord
 16004 | D:12     | Reached XP level 13. HP: 68/118 MP: 8/15
 16713 | D:11     | Killed an orc warlord
 17791 | Orc:1    | Noticed a stone giant
 17810 | Orc:1    | Killed a stone giant
 18027 | Orc:2    | Entered Level 2 of the Orcish Mines
 18061 | Orc:2    | Found a staircase to the Elven Halls.
 18066 | Orc:2    | Found a roughly hewn altar of Beogh.
 18096 | Orc:2    | Reached skill level 13 in Fighting
 18476 | Orc:2    | Noticed Azrael
 18502 | Orc:2    | Killed Azrael
 18737 | Orc:2    | Noticed Maurice
 18754 | Orc:2    | Killed Maurice
 18891 | Orc:2    | Noticed an orc warlord
 18927 | Orc:2    | Killed an orc warlord
 19405 | Orc:2    | Found Yxelal's Antique Weapon Shoppe.
 19406 | Orc:2    | Found a roughly hewn altar of Beogh.
 19409 | Orc:2    | Found Xixal's Antique Armour Emporium.
 19578 | Orc:2    | Found a roughly hewn altar of Beogh.
 19579 | Orc:2    | Found Qoodus's Book Boutique.
 19703 | Orc:2    | Found a roughly hewn altar of Beogh.
 19703 | Orc:2    | Found Nofah's Book Shoppe.
 19775 | Orc:2    | Found a roughly hewn altar of Beogh.
 19844 | Orc:2    | Found a roughly hewn altar of Beogh.
 20074 | Orc:2    | Reached skill level 14 in Fighting
 20170 | Lair:1   | Entered Level 1 of the Lair of Beasts
 21235 | Lair:1   | Bought the +0 mask of the Dragon {MR+ Slay+3 SInv} for 434 gold pieces
 21241 | Lair:1   | Bought a pair of runed boots for 126 gold pieces
 21259 | Lair:1   | Identified a +2 pair of boots of running (You bought it in a shop on level 1 of the Lair of Beasts)
 21309 | Lair:2   | Gained mutation: You have acidic saliva. [Yellow Draconian growth]
 21309 | Lair:2   | Reached XP level 14. HP: 85/133 MP: 11/17
 21413 | Lair:2   | Noticed Urug
 21428 | Lair:2   | Killed Urug
 22445 | Lair:3   | Found a staircase to the Snake Pit.
 23040 | Lair:4   | Found a staircase to the Swamp.
 23791 | Lair:4   | You fall through a shaft for 2 floors!
 25038 | Lair:6   | Reached skill level 15 in Fighting
 25562 | Lair:7   | Found a runed door.
 25643 | Lair:7   | Identified a +4 rod of clouds (11/11) (You found it on level 7 of the Lair of Beasts)
 25675 | Lair:7   | Found a viscous altar of Jiyva.
 25675 | Lair:7   | Found a staircase to the Slime Pits.
 26295 | Lair:8   | Entered Level 8 of the Lair of Beasts
 26295 | Lair:8   | Found a frozen archway.
 26376 | IceCv    | Entered an ice cave
 27466 | Lair:8   | Reached XP level 15. HP: 99/141 MP: 19/19
 27479 | Lair:8   | Reached XP level 16. HP: 101/149 MP: 19/23
 29378 | D:14     | Found a gate to the Vaults.
 29879 | D:15     | Entered Level 15 of the Dungeon
 30066 | D:15     | Found a runed door.
 30198 | D:15     | Noticed mrath's ghost (journeyman MiFi)
 30327 | D:15     | Noticed Agnes
 30705 | D:15     | Found a staircase to the Depths.
 30756 | D:15     | Reached skill level 16 in Fighting
 30863 | D:15     | Killed mrath's ghost
 30965 | D:15     | Killed Agnes
 31516 | Lair:1   | Bought a faintly glowing buckler for 247 gold pieces
 31530 | Lair:1   | Identified the +2 buckler "Lorgharul" {rPois} (You bought it in a shop on level 1 of the Lair of Beasts)
 31538 | Lair:1   | Bought a dazzling demon whip for 760 gold pieces
 31544 | Lair:1   | Identified the cursed +0 demon whip of Giotam {elec, rC+} (You bought it in a shop on level 1 of the Lair of Beasts)
 31551 | Lair:1   | Bought a pair of polished boots for 247 gold pieces
 31561 | Lair:1   | Identified the cursed +0 pair of boots of the Turtle {rElec rN+ Dex+4 Stlth+} (You bought it in a shop on level 1 of the Lair of Beasts)
 31661 | Elf:1    | Entered Level 1 of the Elven Halls
 31692 | Elf:1    | Reached skill level 10 in Evocations
 32042 | Elf:1    | Identified the Papyrus of Confrontation
 39797 | D:3      | Reached XP level 17. HP: 157/159 MP: 27/27
 49340 | D:3      | HP: 1/159 [storm dragon (16)]
 49341 | D:3      | Killed from afar by a storm dragon

Vault maps used:
D:1:      dpeg_arrival_orchard, st_stairs_13, minmay_misc_feat_chi
D:2:      nicolae_overflow_crystal_walls, first_bread, uniq_robin, uniq_sigmund
D:3:      zin_angel, serial_bayou_pond_e, grunt_pakellas_basics
D:4:      gup_sewer_entry_spiral, hangedman_abyss_or_decor_lesser_grid
D:5:      okawaru_altar_gauntlet_db, grunt_qazlal_clouds,
          fedhas_bush_and_centaur_altar, uniq_blork_the_orc
D:6:      slow_altar_2, lemuel_crystal_altar, nicolae_for_you_no_charge,
          uniq_menkaure, uniq_crazy_yiuf_cottage
D:7:      black_bear_nest_2, temple_pool_b, the_bakery
D:8:      kennysheep_little_box, nemelex_xobeh_ov_fountains_minmay
D:10:     dpeg_lair_monsters, uniq_psyche, uniq_harold
D:11:     serial_shops, nicolae_shop_behind_doors, nicolae_shop_behind_doors,
          kennysheep_mini_moat, uniq_erolcha
D:12:     david_orc_3, enter_trove_1
D:13:     fake_guardian_serpent_vault
D:14:     grunt_vaults_entry_fortified, patterned_corridor
D:15:     grunt_enter_depths_giant_problem, minmay_misc_feat_hallway,
          kennysheep_treasure_room, uniq_agnes
Temple:   circular_temple_12
Lair:1:   grunt_forest_large_clearings, grunt_megastairs_2
Lair:2:   minmay_holes, minivault_25, serial_bayou_lake_a, uniq_urug
Lair:3:   dummy_snake_entry, lemuel_fruit_tree, infiniplex_staircase_pool,
          lemuel_fruit_fields
Lair:4:   swamp_mist, wad_woods_antlair
Lair:6:   grunt_megastairs_4, serial_bayou_shore_a
Lair:7:   dpeg_slime_entry_enclosed_altar, pf_torpor_hydra
Lair:8:   guppyfry_lair_end_dragon, hangedman_lair_tendril_chambers,
          portal_ice_cave_entry_imps
Orc:2:    grunt_orc_community_town_hall, grunt_orc_community_big_house_1,
          grunt_orc_community_big_house_1, grunt_orc_community_house_1,
          grunt_orc_community_house_3, grunt_orc_community_house_3,
          grunt_orc_community_house_1, uniq_azrael, uniq_maurice
Elf:1:    eino_elf_arrival_customs, minmay_elf_annihilation,
          serial_sigils_hangedman_shear
Sewer:    sewer_the_crocodile
IceCv:    ice_cave_statue_garden_02

Skill      XL: |  1  2  3  4  5  6  7  8  9 10 11 12 13 14 15 16 17 |
---------------+----------------------------------------------------+-----
Maces & Flails | 1 2 6 9 12 13 14 | 14.6
Dodging        | 1 2 3 5 6 7 9 10 12 13 | 13.9
Fighting       | 4 5 6 7 8 9 11 12 14 15 16 | 16.3
Short Blades   | 2 3 4 5 7 9 |  9.9
Evocations     | 4 7 10 | 10.5
Shields        | 3 4 |  4.1
Bows           | |  1.7
Spellcasting   | |  1.0
Summonings     | |  2.0

Action                   |  1- 3 |  4- 6 |  7- 9 | 10-12 | 13-15 | 16-18 || total
-------------------------+-------+-------+-------+-------+-------+-------++-------
Melee: Mace              |   133 |     2 |       |       |       |       ||   135
       Dagger            |       |   244 |   662 |    61 |       |       ||   967
       Unarmed           |       |       |    18 |       |       |       ||    18
       Whip              |       |       |       |   929 |  1684 |   852 ||  3465
 Fire: Blowgun           |       |       |       |     3 |       |       ||     3
Throw: Throwing net      |       |       |     1 |       |       |       ||     1
Invok: Call Merchant     |       |       |       |       |     4 |     3 ||     7
 Abil: Spit Acid         |       |       |    10 |     6 |     4 |     2 ||    22
Evoke: Wand              |       |     3 |     7 |       |     1 |       ||    11
       Lamp of fire      |       |       |       |     1 |       |       ||     1
       Rod               |       |       |       |       |       |     7 ||     7
       Phial of floods   |       |       |       |       |       |     1 ||     1
  Use: Potion            |       |     5 |     6 |     2 |     3 |     4 ||    20
       Scroll            |       |       |    15 |     7 |     7 |     5 ||    34
 Stab: Distracted        |       |       |       |     2 |    14 |     4 ||    20
       Sleeping          |       |       |       |     2 |     9 |     1 ||    12
       Invisible         |       |       |       |       |     7 |       ||     7
  Eat: Chunk             |     1 |     8 |    13 |       |       |       ||    22
       Royal jelly       |       |       |     3 |     3 |     1 |       ||     7
       Fruit             |       |       |     2 |       |    10 |       ||    12
       Beef jerky        |       |       |     1 |       |     1 |       ||     2
       Pizza             |       |       |       |     2 |     3 |       ||     5
       Meat ration       |       |       |       |     4 |     3 |     1 ||     8
       Bread ration      |       |       |       |       |     1 |    18 ||    19
